 Dungeon Crawl Stone Soup version 0.21.1-1-g345015fe64 (webtiles) character file.

3663 Ivernyr the Reanimator (level 9, -3/71 HPs)
             Began as a Mummy Necromancer on Apr 6, 2018.
             Was an Initiate of Sif Muna.
             Slain by a slime creature (6 damage)
             ... on level 7 of the Dungeon on Apr 7, 2018.
             The game lasted 00:51:44 (10958 turns).

Ivernyr the Reanimator (Mummy Necromancer)         Turns: 10958, Time: 00:51:45

Health: -3/71      AC:  6    Str: 11    XL:     9   Next: 89%
Magic:  1/30       EV: 12    Int: 18    God:    Sif Muna [......]
Gold:   360        SH:  0    Dex: 12    Spells: 17/25 levels left

rFire    x . .     SeeInvis .   f - +2 long sword (flame)
rCold    + . .     Gourm    .   (no shield)
rNeg     + + +     Faith    .   h - +2 robe {MR+}
rPois    ∞         Spirit   .   m - +0 helmet
rElec    .         Reflect  .   j - +0 cloak
rCorr    .         Harm     .   (no gloves)
MR       ++...                  (no boots)
Stlth    ++........             (no amulet)
HPRegen  0.21/turn              p - ring of magical power
MPRegen  0.22/turn              (no ring)

@: very slightly contaminated
A: no food or potions, fire vulnerability, cold resistance 1, negative energy
resistance 3, torment resistance, unbreathing
a: Renounce Religion


You were on level 7 of the Dungeon.
You worshipped Sif Muna.
Sif Muna was noncommittal.
You were not hungry.

You visited 2 branches of the dungeon, and saw 8 of its levels.

You collected 360 gold pieces.

Inventory:

Hand Weapons
 f - a +2 long sword of flaming (weapon)
Armour
 h - a +2 robe of magic resistance (worn)
 j - a +0 cloak (worn)
 m - a +0 helmet (worn)
Jewellery
 p - a ring of magical power (left hand)
 q - a +2 ring of evasion {unknown}
Wands
 o - a wand of polymorph (16)
 r - a wand of digging (12)
Scrolls
 a - a scroll of blinking {unknown}
 c - 6 scrolls of remove curse {unknown}
 d - 6 scrolls of identify {unknown}
 e - 4 scrolls of enchant weapon {unknown}
 g - 3 scrolls of teleportation {unknown}
 k - 2 scrolls of immolation {unknown}
 l - 6 scrolls of magic mapping {unknown}
 n - a scroll of random uselessness {unknown}
Books
 b - a book of Necromancy

   Spells                             Type                      Level
   a - Pain                           Necromancy                   1
   b - Animate Skeleton               Necromancy                   1
   c - Vampiric Draining              Necromancy                   3
   d - Regeneration                   Charms/Necromancy            3
   e - Animate Dead                   Necromancy                   4
   f - Borgnjor's Vile Clutch         Necromancy/Earth             5
 i - Jessica's Disquisition on Aid
   (You found it on level 3 of the Dungeon)

   Spells                             Type                      Level
   a - Song of Slaying                Charms                       2


   Skills:
 + Level 6.9 Fighting
 - Level 1.5 Dodging
 - Level 1.5 Stealth
 + Level 8.9 Spellcasting
 * Level 10.8 Necromancy


You had 17 spell levels left.
You knew the following spells:

 Your Spells              Type           Power        Failure   Level  Hunger
a - Pain                  Necr           ####         1%          1    N/A
b - Animate Dead          Necr           N/A          1%          4    N/A
c - Vampiric Draining     Necr           #####.....   1%          3    N/A

Dungeon Overview and Level Annotations

Branches:
Dungeon (7/15)             Temple (1/1) D:7

Altars:
Ashenzari
Cheibriados
Dithmenos
Elyvilon
Fedhas
Gozag
Hepliaklqana
Kikubaaqudgha
Makhleb
Nemelex Xobeh
Qazlal
Ru
Sif Muna
Trog
Uskayaw
Vehumet
Wu Jian
Xom
Yredelemnul
Zin
The Shining One


Innate Abilities, Weirdness & Mutations

You do not eat or drink.
Your flesh is vulnerable to fire.
You are immune to poison.
Your flesh is cold resistant. (rC+)
You are immune to negative energy. (rN+++)
You are immune to unholy pain and torment.
You can survive without breathing.


Message History

You feel life coursing into your body. The slime creature hits you!
* * * LOW HITPOINT WARNING * * *
Casting: Vampiric Draining
Confirm with . or Enter, or press ? or * to list all spells.
Aiming: Vampiric Draining
Press: ? - help, Shift-Dir - straight line, f/p - slime creature
Aim: a slime creature (moderately wounded)
The slime creature is heavily wounded.
You feel life coursing into your body. The slime creature hits you!
* * * LOW HITPOINT WARNING * * *
Casting: Vampiric Draining
Confirm with . or Enter, or press ? or * to list all spells.
Aiming: Vampiric Draining
Press: ? - help, Shift-Dir - straight line, f/p - slime creature
Aim: a slime creature (moderately wounded)
You miscast Vampiric Draining.
You are very lightly contaminated with residual magic.
You feel very uncomfortable. The slime creature hits you.
You die...

##..........#..# #.# #...# #####
#.##########..###.# #...# #.#
#......# ##.## ##'## ##.##### #.#
#...## #.# #.# .>...## ###.#
#.### # ......## ##.#.# #.#.## ##
.......####....#########....####.
.......'.......J@...<..........'.
.......####.....###.####....####.
......## ##.###.##.# #.#.## ##
.....## #.# #.##.# #.### # #...##
#.###.##.# #.# ##'## ##...###.#
#.# #.# ##......# #.# ##.###
##.##### #.# .....# #.# ###


You could see a slime creature.

Vanquished Creatures
  2 slime creatures (D:7)
  Duvessa (D:7)
  2 phantoms (D:7)
  A sky beast (D:5)
  2 ogres (D:4)
  A necrophage (D:7)
  A centaur (D:6)
  A big kobold (D:7)
  A gnoll sergeant (D:6)
  Dowan (D:7)
  2 scorpions
  11 killer bees (D:7)
  9 wights
  3 howler monkeys
  A crimson imp (D:7)
  2 hounds
  A quasit (D:6)
  A jelly (D:7)
  An orc priest (D:5)
  A gnoll shaman (D:7)
  3 centaur skeletons
  An iguana (D:6)
  Jessica (D:3)
  4 orc wizards
  2 worker ants
  A hound zombie (D:5)
  A hound skeleton (D:7)
  12 gnolls
  10 adders
  4 shadow imps
  8 oozes
  3 worms
  5 dart slugs
  3 leopard geckos
  19 orcs
  6 bats
  10 giant cockroaches
  5 goblins
  6 hobgoblins
  4 jackals
  6 kobolds
  3 quokkas
  A ball python (D:4)
  6 frilled lizards
  A giant cockroach zombie (D:6)
  A leopard gecko skeleton (D:4)
  A quokka zombie (D:7)
  8 rats
180 creatures vanquished.

Vanquished Creatures (collateral kills)
  The ghost of error the Stinger, a novice OpVM of Sif Muna (D:7)
  A phantom (D:6)
  A big kobold (D:7)
  2 hounds (D:4)
  An orc wizard (D:3)
  A centaur skeleton (D:7)
  2 worker ant zombies
  A gnoll (D:7)
  7 orcs
  A quokka (D:4)
  A bat (D:3)
  A kobold (D:7)
20 creatures vanquished.

Vanquished Creatures (others)
  8 fungi (D:7)
  7 toadstools (D:7)
15 creatures vanquished.

Grand Total: 215 creatures vanquished

Notes
Turn   | Place    | Note
-------+----------+-------------------------------------------
     0 | D:1      | Ivernyr the Mummy Necromancer began the quest for the Orb.
     0 | D:1      | Reached XP level 1. HP: 13/13 MP: 4/4
   165 | D:1      | Reached XP level 2. HP: 20/20 MP: 1/5
   439 | D:1      | Reached skill level 1 in Fighting
   643 | D:1      | Reached XP level 3. HP: 26/26 MP: 3/7
  1019 | D:1      | You fall through a shaft!
  1569 | D:2      | Reached XP level 4. HP: 29/32 MP: 3/9
  1625 | D:2      | Learned a level 4 spell: Animate Dead
  1741 | D:2      | Reached skill level 5 in Necromancy
  2178 | D:3      | Learned a level 3 spell: Vampiric Draining
  2203 | D:3      | Noticed Jessica
  2210 | D:3      | Killed Jessica
  2225 | D:3      | Identified Jessica's Disquisition on Aid
  2556 | D:3      | Reached XP level 5. HP: 38/38 MP: 6/10
  3171 | D:4      | Reached XP level 6. HP: 34/46 MP: 2/12
  3178 | D:4      | Reached skill level 6 in Necromancy
  3593 | D:4      | Reached skill level 5 in Spellcasting
  3710 | D:4      | Reached XP level 7. HP: 52/52 MP: 14/14
  4149 | D:5      | Entered Level 5 of the Dungeon
  4238 | D:5      | Reached skill level 7 in Necromancy
  5199 | D:6      | Reached XP level 8. HP: 33/61 MP: 2/17
  5631 | D:6      | Reached skill level 8 in Necromancy
  5993 | D:6      | Found a white marble altar of Elyvilon.
  6119 | D:6      | Found a snail-covered altar of Cheibriados.
  6211 | D:6      | Reached skill level 5 in Fighting
  6923 | D:7      | Reached skill level 9 in Necromancy
  7365 | D:7      | Noticed error's ghost (novice OpVM)
  7581 | D:7      | Killed error's ghost
  7581 | D:7      | Reached XP level 9. HP: 60/69 MP: 20/20
  7853 | D:7      | HP: 3/69 [wight/battleaxe of freezing (16)]
  7853 | D:7      | HP: 1/69 [wight/battleaxe of freezing (2)]
  8474 | D:7      | Noticed Duvessa
  8476 | D:7      | Noticed Dowan
  8510 | D:7      | Killed Duvessa
  8529 | D:7      | Killed Dowan
  8536 | D:7      | Reached skill level 10 in Necromancy
  9314 | D:7      | Found a staircase to the Ecumenical Temple.
  9357 | Temple   | Entered the Ecumenical Temple
  9511 | Temple   | Became a worshipper of Sif Muna the Loreminder
  9971 | D:7      | HP: 3/71 [slime creature (18)]
 10945 | D:7      | HP: 1/71 [slime creature (15)]
 10958 | D:7      | Slain by a slime creature

Skill      XL: |  1  2  3  4  5  6  7  8  9 |
---------------+----------------------------+-----
Spellcasting   | 3 4 5 6 7 8 |  8.9
Fighting       | 1 2 3 4 5 6 |  6.9
Necromancy     | 5 6 7 9 10 | 10.8
Dodging        | |  1.5
Stealth        | |  1.5

Action                   |  1- 3 |  4- 6 |  7- 9 || total
-------------------------+-------+-------+-------++-------
Melee: Unarmed           |    13 |       |       ||    13
       Long sword        |       |    69 |   342 ||   411
 Cast: Pain              |    78 |    37 |    59 ||   174
       Vampiric Draining |       |     5 |    78 ||    83
       Animate Dead      |       |     3 |    24 ||    27
 Stab: Sleeping          |       |       |     1 ||     1
Armor: Robe              |    11 |    21 |   145 ||   177
Dodge: Dodged            |    19 |    65 |   321 ||   405
       Rpst.: Long sword |       |    16 |   104 ||   120
